 Dungeon Crawl Stone Soup version 0.26-a0-652-gafc20e3620 (webtiles) character file.

Game seed: 17843223083188187468

247 ringo67 the Insei (level 6, -2/39 HPs)
             Began as an Octopode Transmuter on Oct 3, 2020.
             Killed from afar by an orc wizard (12 damage)
             ... with a puff of flame
             ... on level 3 of the Dungeon.
             The game lasted 00:06:22 (3096 turns).

ringo67 the Insei (Octopode Transmuter)             Turns: 3096, Time: 00:06:23

Health: -2/39      AC:  5    Str: 12    XL:     6   Next: 11%
Magic:  9/9        EV: 13    Int: 15    God:
Gold:   167        SH:  0    Dex: 12    Spells: 5/9 levels left

rFire    . . .     SeeInvis .     - Unarmed
rCold    . . .     Faith    .   (no shield)
rNeg     . . .     Spirit   .   (helmet restricted)
rPois    .         Reflect  .   (no amulet)
rElec    .         Harm     .   d - ring of flight
rCorr    .         Rampage  .   h - +4 ring of protection
MR       .....                  (no ring)
Stlth    ++........             (no ring)
HPRegen  0.13/turn              (no ring)
MPRegen  0.11/turn              (no ring)
                                (no ring)
                                (no ring)

@: no status effects
A: almost no armour, stealthy swim, amphibious, 8 rings, constrict 8, camouflage
1, gelatinous body 1
a: Evoke Flight


You were on level 3 of the Dungeon.
You visited 1 branch of the dungeon, and saw 4 of its levels.

You collected 167 gold pieces.

Inventory:

Missiles
 i - 15 poisoned darts (quivered)
Jewellery
 d - a ring of flight (left tentacle)
 h - a +4 ring of protection (right tentacle)
Wands
 j - a wand of disintegration (15)
Scrolls
 e - 2 scrolls of identify
 g - 2 scrolls of remove curse
 k - a scroll of enchant armour {unknown}
 l - a scroll of fog {unknown}
Potions
 a - 2 potions of degeneration {unknown}
 b - 2 potions of curing
 c - a potion of flight {unknown}
 f - 2 potions of stabbing {unknown}


   Skills:
 - Level 2.3 Fighting
 - Level 2.0 Dodging
 + Level 4.8 Unarmed Combat
 - Level 2.0 Spellcasting
 + Level 4.1 Transmutations
 - Level 1.0 Poison Magic


You had 5 spell levels left.
You knew the following spells:

 Your Spells              Type           Power        Failure   Level
a - Beastly Appendage     Tmut           ##....       4%          1
b - Spider Form           Tmut/Pois      #.........   24%         3

Your spell library contained the following spells:

 Spells                   Type           Power        Failure   Level
 Wereblood                Tmut           ##......     6%          2
 Ice Form                 Ice/Tmut       #.......     67%         4
 Blade Hands              Tmut           ##........   75%         5


Dungeon Overview and Level Annotations

Branches:
Dungeon (4/15)
 Temple: D:4-7

Altars:
Cheibriados
Fedhas
Makhleb


Innate Abilities, Weirdness & Mutations

You cannot wear most types of armour.
You are very stealthy in the water. (Stealth+)
You are amphibious.
You can wear up to eight rings at the same time.
You can use your tentacles to constrict eight enemies at once.
Your skin changes colour to match your surroundings (Stealth+).
Your rubbery body absorbs attacks. (AC +1, EV +1)


Message History

A magic dart appears from out of thin air!
The magic dart hits you.
Unknown command.
You hear some strange, mumbled words.
A puff of flame appears from out of thin air!
The puff of flame hits you.
You climb upwards.
Reactivating autopickup.
There is a stone staircase leading down here.
You're too confused to move!
You feel less confused. Something hits you.
* * * LOW HITPOINT WARNING * * *
Deactivating autopickup; reactivate with Ctrl-A.
A magic dart appears from out of thin air!
The magic dart hits you.
* * * LOW HITPOINT WARNING * * *
A puff of flame appears from out of thin air!
The puff of flame hits you!
You die...

#.##.............#
#.##.............# ##
#.##.............# #.
#..'.............# #.
####.............#
########. #.............#
#........ #.............#
#....[... ###.............#
#........
#.........@.....##########.
#.(....##.#................
#......##.#.###......####..
#......##.#{.........+.....
#....................####.#
######..........###### #.#
#..........##### #..
#..........#...# ##..
#..............# ##...


There were no monsters in sight!

Vanquished Creatures
  An orc priest (D:4)
  2 orc wizards
  3 gnolls (D:3)
  6 adders
  A dart slug (D:1)
  3 leopard geckos
  2 orcs (D:3)
  6 giant cockroaches
  5 goblins
  8 hobgoblins
  2 jackals (D:1)
  A quokka (D:3)
  3 ball pythons (D:2)
  15 bats
  5 frilled lizards
  9 kobolds (D:2)
  8 rats
80 creatures vanquished.

Notes
Turn   | Place    | Note
-------+----------+-------------------------------------------
     0 | D:1      | ringo67 the Octopode Transmuter began the quest for the
                  | Orb.
     0 | D:1      | Reached XP level 1. HP: 13/13 MP: 3/3
   215 | D:1      | Reached XP level 2. HP: 14/18 MP: 3/5
   569 | D:1      | Reached XP level 3. HP: 21/23 MP: 6/6
  1386 | D:2      | Reached XP level 4. HP: 29/29 MP: 5/7
  1657 | D:2      | Found a burning altar of Makhleb.
  1812 | D:3      | Found a blossoming altar of Fedhas.
  1883 | D:3      | Learned a level 3 spell: Spider Form
  1934 | D:3      | Reached XP level 5. HP: 5/34 MP: 1/8
  2383 | D:3      | Reached skill level 1 in Poison Magic
  2613 | D:3      | Found a snail-covered altar of Cheibriados.
  3081 | D:4      | Reached XP level 6. HP: 29/39 MP: 9/9
  3096 | D:3      | Killed from afar by an orc wizard

Illustrated notes

Levels and vault maps discovered:
D:1:      matt_arrival_los_fun, layout_rooms, minmay_tall_x
D:2:      wander_river, layout_basic, bloody_makhleb
D:3:      layout_basic, lemuel_crystal_altar, cheibriados_altar_1
D:4:      layout_loops_ring, minivault_23, uniq_ijyb, uniq_sigmund

Skill      XL: |  1  2  3  4  5 |
---------------+----------------+-----
Unarmed Combat | 4 |  4.8
Fighting       | 2 |  2.3
Transmutations | 3 4 |  4.1
Poison Magic   | 1 |  1.0
Dodging        | |  2.0
Spellcasting   | |  2.0

Action                   |  1- 3 |  4- 6 || total
-------------------------+-------+-------++-------
Melee: Unarmed           |   104 |    63 ||   167
       Tentacles         |    14 |    10 ||    24
       Constrict         |    27 |    13 ||    40
       Punch             |     4 |     1 ||     5
       Kick              |     5 |     1 ||     6
       Dagger            |       |    13 ||    13
Throw: Boomerang         |       |     2 ||     2
 Cast: Beastly Appendage |     5 |     1 ||     6
       Spider Form       |       |     1 ||     1
  Use: Scroll            |       |     3 ||     3
 Stab: Sleeping          |     5 |     4 ||     9
Armor: Skin              |    15 |    22 ||    37
Dodge: Dodged            |    79 |    39 ||   118

Table legend: (Time is in decaauts)
 A = Elapsed time spent in this place.
 B = Non-inter-level travel time spent in this place.
 C = Inter-level travel time spent in this place.
 D = Time resting spent in this place.
 E = Time spent auto-exploring this place.
 F = Levels seen in this place.
 G = Mean time per level.
                   A        B        C        D        E       F      G
               +--------+--------+--------+--------+--------+-----+--------+
         Total |   3084 |   3045 |     39 |    934 |   1486 |   4 |  771.0 |
       Dungeon |   3084 |   3045 |     39 |    934 |   1486 |   4 |  771.0 |
               +--------+--------+--------+--------+--------+-----+--------+

Top non-repeatable levels by time:
     D:1: 1157 daAuts
     D:2: 1005 daAuts
     D:3: 896 daAuts
     D:4: 26 daAuts
